Map: Ultralove

Players

Echo - Winner!

  • Race: Protoss Protoss
  • Spawn Location: 1:00

MalikusPrime

  • Race: Zerg Zerg
  • League: Diamond
  • Spawn Location: 7:00

VOD

Have the link to the VOD?

Description

Time

  • Played on: June 13, 2025, 2:50 p.m.
  • Length: 5:30
Show
View Real Time Build Order
Export as new Build Order

Echo Protoss - Winner!

Build Orders: 1 Gate Expand 

Get SALT Encoding   

  12  0:02  Probe  
  14  0:14  Probe  
  14  0:19  Pylon  
  14  0:26  Probe  
  15  0:34  Probe  
  15  0:40  Gateway  
  16  0:43  Probe  
  16  0:45  Assimilator  
  17  0:53  Probe  
  18  1:05  Probe  
  19  1:18  Probe  
  20  1:26  Nexus  
  20  1:37  Cybernetics Core  
  20  1:40  Probe  
  20  1:44  Assimilator  
  21  1:50  Pylon  
  21  1:53  Probe  
  22  2:02  Stalker  
  22  2:06  Probe  
  25  2:18  Probe  
  25  2:19  Warp Gate  
  26  2:28  Robotics Facility  
  26  2:30  Probe  
  26  2:31  Adept  
  26  2:34  Probe  
  29  2:42  Probe x2  
  32  2:54  Probe, Gateway  
  33  3:02  Shield Battery  
  33  3:04  Probe  
  34  3:06  Probe  
  34  3:07  Immortal  
  35  3:16  Probe  
  40  3:27  Gateway  
  40  3:29  Gateway  
  40  3:34  Gateway  
  40  3:39  Gateway  
  40  3:43  Warp Prism  
  40  3:45  Gateway  
  42  3:56  Probe  
  43  4:03  Pylon  
  43  4:04  Pylon  
  43  4:06  Pylon  
  43  4:09  Pylon  
  43  4:14  Zealot  
  45  4:27  Pylon  
  45  4:39  Zealot  
  45  4:40  Zealot x5  
  45  4:42  Zealot  
  59  4:59  Zealot x2  
  63  5:00  Zealot x4  
  63  5:05  Zealot  
  71  5:20  Zealot x3  
  71  5:21  Zealot x2  
  79  5:22  Zealot  
Show
View Real Time Build Order
Export as new Build Order

MalikusPrime Zerg 

Build Orders: Hatch First 

Get SALT Encoding   

  12  0:01  Drone  
  13  0:12  Overlord  
  13  0:16  Drone  
  14  0:31  Drone x2  
  14  0:35  Drone  
  17  0:45  Drone  
  18  0:55  Hatchery  
  17  0:57  Drone  
  17  0:59  Extractor  
  17  1:13  Spawning Pool  
  17  1:17  Drone  
  17  1:19  Drone  
  18  1:28  Drone  
  20  1:40  Drone  
  20  1:54  Overlord  
  20  2:01  Queen  
  20  2:06  Queen  
  20  2:08  Zergling x4  
  26  2:11  Drone  
  27  2:17  Drone  
  28  2:24  Drone  
  28  2:29  Drone  
  30  2:34  Drone  
  31  2:39  Overlord  
  31  2:44  Hatchery  
  31  2:49  Metabolic Boost  
  30  2:57  Queen  
  32  3:06  Drone  
  32  3:07  Drone x3  
  32  3:10  Overlord  
  36  3:15  Overlord  
  36  3:28  Drone x2  
  36  3:29  Drone  
  36  3:30  Drone x3  
  36  3:31  Drone  
  43  3:37  Extractor  
  43  3:39  Evolution Chamber  
  43  3:40  Evolution Chamber  
  40  3:42  Roach Warren  
  39  3:58  Drone x2  
  39  3:59  Drone  
  39  4:00  Drone x2  
  39  4:01  Drone x2  
  46  4:08  Drone x2  
  46  4:09  Drone  
  49  4:10  Extractor  
  49  4:11  Drone x2  
  49  4:12  Drone  
  51  4:25  Drone x4  
  51  4:27  Roach  
  51  4:29  Overlord x3  
  56  4:52  Roach  
  62  4:53  Roach x6  
  72  5:00  Roach  
  72  5:06  Roach x3  
Tags
 
Add a new tag
Caveats
  • Supply blocks, unpowered buildings, or Contaminate may cause inaccurate times.
  • Supply counts are checked every 10 seconds.